 Dungeon Crawl Stone Soup version 0.29-a0-887-gcbe080d7e0 (webtiles) character file.

Game seed: 9961466607131532723

2 IdlyInterested the Changer (level 1, -2/14 HPs)
             Began as a Demonspawn Wanderer on July 21, 2022.
             Slain by a goblin
             ... wielding a +0 dagger
              (3 damage)
             ... on level 1 of the Dungeon.
             The game lasted 00:00:48 (80 turns).

IdlyInterested the Changer (Demonspawn Wanderer)      Turns: 80, Time: 00:00:49

Health: -2/14      AC:  3    Str:  9    XL:     1   Next: 33%
Magic:  2/2        EV: 11    Int: 18    God:
Gold:   0          SH:  0    Dex: 10    Spells: 2/2 levels left

rFire   . . .      SeeInvis .   a - +0 dagger
rCold   . . .      Faith    .   (no shield)
rNeg    . . .      Spirit   .   c - +0 robe
rPois   .          Reflect  .   (no helmet)
rElec   .          Harm     .   (no cloak)
rCorr   .          Rampage  .   (no gloves)
Will    .....                   d - +0 pair of boots
Stlth   ++........              (no amulet)
HPRegen 0.04/turn               (no ring)
MPRegen 0.08/turn               (no ring)

@: no status effects
A: no striking features
a: no special abilities


You were on level 1 of the Dungeon.
You visited 1 branch of the dungeon, and saw 1 of its levels.

Inventory:

Hand Weapons
 a - a +0 dagger (weapon)
 e - a +0 spear
Armour
 c - a +0 robe (worn)
 d - a +0 pair of boots (worn)
Potions
 b - a potion of heal wounds


   Skills:
 * Level 0.5 Fighting
 - Level 1.0 Dodging
 + Level 1.8 Stealth
 - Level 1.0 Spellcasting
 - Level 1.0 Translocations
 - Level 4.5 Transmutations


You had 2 spell levels left.
You didn't know any spells.
Your spell library contained the following spells:

 Spells                   Type           Power      Damage    Failure   Level
 Sting                    Tmut/Pois      36%        1d4       8%          1
 Apportation              Tloc           8%         N/A       13%         1
 Poisonous Vapours        Pois/Air       0%         N/A       30%         2
 Spider Form              Tmut/Pois      9%         N/A       24%         3
 Gell's Gravitas          Tloc           4%         N/A       36%         3
 Ice Form                 Ice/Tmut       9%         N/A       61%         4
 Corpse Rot               Necr/Pois/Air  0%         N/A       89%         4


Dungeon Overview and Level Annotations

Branches:
Dungeon (1/15)

Altars:


Message History

The goblin misses you.
You hit the goblin but do no damage.
The goblin is moderately wounded.
The goblin hits you with a +0 club.
You hit the goblin but do no damage.
The goblin is moderately wounded.
The goblin hits you but does no damage.
You closely miss the goblin.
The goblin is moderately wounded.
The goblin closely misses you.
You closely miss the goblin.
The goblin is moderately wounded.
The goblin barely misses you.
You hit the goblin.
The goblin is moderately wounded.
The goblin hits you with a +0 club.
You closely miss the goblin. Your punch misses the goblin.
The goblin is moderately wounded.
The goblin barely misses you.
You closely miss the goblin.
The goblin is moderately wounded.
The goblin hits you with a +0 dagger. The goblin barely misses you.
You closely miss the goblin.
The goblin is moderately wounded.
The goblin hits you with a +0 dagger. The goblin hits you with a +0 club.
* * * LOW HITPOINT WARNING * * *
You closely miss the goblin.
The goblin is moderately wounded.
The goblin closely misses you. The goblin hits you with a +0 club.
* * * LOW HITPOINT WARNING * * *
Unknown command.
You miss the goblin.
The goblin is moderately wounded.
The goblin misses you. The goblin closely misses you.
You hit the goblin.
You kill the goblin!
The goblin hits you but does no damage.
You hit the goblin but do no damage. The goblin barely misses you.
You closely miss the goblin. The goblin hits you with a +0 dagger.
You die...

..........+ ...
##.........#....
.............#....
...................
...................
#................. .
#.........)g...#
..#.........@....#
.................#
.................+
..#..............# ..
......#.##......##...
..... #.##......##.....
..... #.##.............
......#.##.......#.......
.................#.......


You could see a goblin.

Vanquished Creatures
  A giant cockroach (D:1)
  A goblin (D:1)
2 creatures vanquished.

Notes
Turn   | Place    | Note
-------+----------+-------------------------------------------
     0 | D:1      | IdlyInterested the Demonspawn Wanderer began the quest for
                  | the Orb.
     0 | D:1      | IdlyInterested set off with the following items: a +0
                  | dagger, a potion of heal wounds, a +0 robe, a +0 pair of
                  | boots; and the following spells available to memorise:
                  | Sting, Apportation, Spider Form, Gell's Gravitas, Ice Form.
     0 | D:1      | Reached XP level 1. HP: 13/13 MP: 2/2
    80 | D:1      | Slain by a goblin

Illustrated notes

Levels and vault maps discovered:
D:1:      minmay_arrival_four_circles, layout_basic

Action                   || total
-------------------------++-------
Melee: Dagger            ||    20
Armor: Robe              ||     5
Dodge: Dodged            ||    12

Table legend: (Time is in decaauts)
 A = Elapsed time spent in this place.
 B = Non-inter-level travel time spent in this place.
 C = Inter-level travel time spent in this place.
 D = Time resting spent in this place.
 E = Time spent auto-exploring this place.
 F = Levels seen in this place.
 G = Mean time per level.
                   A        B        C        D        E       F      G
               +--------+--------+--------+--------+--------+-----+--------+
         Total |     80 |     80 |      0 |     33 |     11 |   1 |   80.0 |
       Dungeon |     80 |     80 |      0 |     33 |     11 |   1 |   80.0 |
               +--------+--------+--------+--------+--------+-----+--------+

Top non-repeatable levels by time:
     D:1: 80 daAuts
